Map: Simulacrum LE

Players

Clowntastic

  • Race: Zerg Zerg
  • League: Platinum
  • Spawn Location: 5:00

ViBE - Winner!

  • Race: Terran Terran
  • League: Platinum
  • Spawn Location: 11:00

VOD

Have the link to the VOD?

Description

Time

  • Played on: Dec. 13, 2019, 7:02 p.m.
  • Length: 6:37
Show
View Real Time Build Order
Export as new Build Order

Clowntastic Zerg 

Build Orders: Hatch First 

Get SALT Encoding   

  12  0:01  Drone  
  13  0:12  Overlord  
  13  0:17  Drone  
  14  0:30  Drone x2  
  14  0:35  Drone  
  17  0:53  Hatchery  
  16  0:58  Drone  
  16  1:00  Drone  
  18  1:04  Extractor  
  17  1:18  Spawning Pool  
  16  1:25  Drone  
  16  1:26  Drone  
  18  1:39  Drone x2  
  20  2:00  Drone  
  20  2:08  Metabolic Boost  
  20  2:09  Queen x2  
  20  2:10  Zergling x2  
  20  2:13  Drone  
  26  2:19  Drone x2  
  28  2:26  Overlord  
  28  3:00  Drone  
  28  3:02  Overlord  
  28  3:05  Roach Warren  
  28  3:08  Baneling Nest  
  28  3:09  Drone x4  
  28  3:12  Drone  
  32  3:14  Overlord  
  32  3:47  Extractor  
  31  3:49  Drone  
  31  3:50  Drone x8  
  40  4:01  Zergling x8  
  44  4:12  Overlord x2  
  44  4:20  Overlord x2  
  44  4:26  Roach x3  
  44  4:27  Roach  
  44  4:31  Overlord x2  
  52  4:44  Roach x4  
  60  4:57  Roach x6  
  72  5:01  Extractor  
  72  5:03  Extractor  
  70  5:31  Zergling x2  
  70  5:32  Zergling x20  
  81  5:46  Drone  
  82  5:51  Spine Crawler  
  81  5:58  Baneling x4  
  81  5:59  Baneling x4  
  81  6:00  Roach  
  83  6:16  Drone  
  83  6:17  Drone x10  
Show
View Real Time Build Order
Export as new Build Order

ViBE Terran - Winner!

Build Orders: 2 Factory, Reaper Expand, Mech 

Get SALT Encoding   

  12  0:01  SCV  
  13  0:13  SCV  
  14  0:18  Supply Depot  
  14  0:25  SCV  
  15  0:39  SCV  
  15  0:41  Barracks  
  16  0:46  Refinery  
  16  0:52  SCV  
  17  1:04  SCV  
  18  1:16  SCV  
  19  1:29  Orbital Command  
  19  1:31  Reaper  
  20  1:54  Command Center  
  20  2:02  SCV  
  21  2:17  Supply Depot  
  21  2:19  Factory, Refinery  
  21  2:23  SCV  
  22  2:35  SCV  
  23  2:37  Barracks Reactor  
  23  2:47  SCV  
  24  2:59  SCV  
  25  3:09  Orbital Command  
  25  3:11  SCV  
  26  3:13  Supply Depot  
  26  3:23  SCV  
  27  3:28  Factory  
  26  3:35  SCV  
  26  3:36  Supply Depot  
  26  3:37  SCV  
  26  3:38  Hellion, Barracks Tech Lab  
  30  3:42  Hellion  
  30  3:48  SCV  
  33  3:49  SCV  
  34  4:00  SCV  
  34  4:01  SCV  
  36  4:03  Supply Depot  
  36  4:06  Barracks Tech Lab  
  36  4:09  Hellion x2  
  40  4:12  SCV  
  40  4:13  SCV  
  40  4:15  Factory  
  42  4:20  Siege Tank  
  46  4:24  SCV  
  46  4:25  SCV  
  46  4:30  Supply Depot  
  47  4:32  Hellion x2  
  47  4:36  SCV  
  47  4:37  SCV  
  53  4:48  SCV  
  53  4:50  SCV, Command Center  
  55  4:54  Supply Depot, Siege Tank  
  55  4:58  Hellion  
  62  5:00  SCV, Hellion  
  62  5:02  SCV  
  64  5:12  SCV, Armory  
  64  5:13  Engineering Bay  
  64  5:14  SCV  
  66  5:20  Refinery x2  
  66  5:24  SCV  
  66  5:26  SCV  
  66  5:27  Supply Depot  
  68  5:32  Siege Tank  
  68  5:33  Siege Tank  
  76  5:36  SCV, Hellion  
  76  5:38  SCV, Hellion  
  80  5:59  SCV x2  
  80  6:06  Orbital Command  
  86  6:12  Hellion x2  
  86  6:14  SCV x2  
  86  6:18  Supply Depot x2  
Tags
 
Add a new tag
Caveats
  • Supply blocks, unpowered buildings, or Contaminate may cause inaccurate times.
  • Supply counts are checked every 10 seconds.